 Dungeon Crawl Stone Soup version 0.20.1-1-g8b1a95d (webtiles) character file.

2075294 motkurip the Hoplite (level 27, 252/252 (254) HPs)
             Began as a Minotaur Gladiator on Aug 10, 2017.
             Was the Champion of Makhleb.
             Escaped with the Orb
             ... and 3 runes on Aug 11, 2017!
             The game lasted 03:09:11 (47672 turns).

motkurip the Hoplite (Minotaur Gladiator)          Turns: 47672, Time: 03:09:11

HP:   252/252 (254) AC: 34    Str: 31    XL:     27
MP:   42/42         EV: 35    Int:  5    God:    Makhleb [******]
Gold: 4642          SH: 43    Dex: 31    Spells: 24/26 levels left

rFire    + + .     SeeInvis .   W - +8 demon whip (elec)
rCold    + + .     Gourm    .   V - +8 large shield
rNeg     . . .     Faith    .   P - +9 storm dragon scales {Bai Suzhen}
rPois    +         Spirit   .   (helmet unavailable)
rElec    +         Reflect  +   O - +0 cloak of Daffodils {+Inv rPois rF++ rC+ Int-4}
rCorr    .         Harm     .   t - +2 pair of gloves {Dex+3}
MR       ++...     Rnd*Tele +   S - +1 pair of boots "Juorezum" {+Inv}
Stlth    +.........             I - amulet of Hyloum {Reflect Str+4 Int-4 Dex+7 SH+6}
Regen    0.6/turn               n - ring of Vupt {rC+ MP+9 Str+2 Int+4 Dex+3}
MPRegen  0.3/turn               k - ring "Kimypp" {+Inv EV+3 Int+3}

@: no status effects
A: retaliatory headbutt, horns 3, blink, blurry vision 1, deformed body, shaggy
fur 1, teleportitis 1, MP-powered wands
0: Orb of Zot
}: 3/15 runes: barnacled, silver, gossamer
a: Blink, Minor Destruction, Lesser Servant of Makhleb, Major Destruction,
Greater Servant of Makhleb, Renounce Religion, Evoke Invisibility


You escaped.
You worshipped Makhleb.
Makhleb was exalted by your worship.
You were full.

You visited 8 branches of the dungeon, and saw 46 of its levels.
You also visited: Labyrinth, Bailey and Ice Cave.

You collected 6590 gold pieces.
You spent 1948 gold pieces at shops.

Inventory:

Hand Weapons
 a - the +6 morningstar of Reinforcement {elec, Int+6}
   (You bought it in a shop on level 2 of the Orcish Mines)

   Occasionally, upon striking a foe, it will discharge some electrical energy
   and cause terrible harm.
   It affects your intelligence (+6).
 b - the +6 shillelagh "Devastator" {shatter}
   (You found it on level 14 of the Dungeon)
 W - a +8 demon whip of electrocution (weapon)
Missiles
 d - 20 throwing nets (quivered)
 X - 56 javelins
Armour
 t - a +2 pair of gloves of dexterity (worn)
 G - a +0 hat of see invisible
 L - the quicksilver dragon scales of the Nightingale {MR+ rCorr Int+3}
   (You found it on level 4 of the Depths)

   It affects your intelligence (+3).
   It affects your resistance to hostile enchantments.
   It protects you from acid and corrosion.
 O - the +0 cloak of Daffodils (worn) {+Inv rPois rF++ rC+ Int-4}
   (You bought it in a shop on level 2 of the Orcish Mines)

   It affects your intelligence (-4).
   It greatly protects you from fire.
   It protects you from cold.
   It protects you from poison.
   It lets you turn invisible.
 P - +9 storm dragon scales (worn) {Bai Suzhen}
 S - the +1 pair of boots "Juorezum" (worn) {+Inv}
   (You found it on level 2 of the Spider Nest)

   It lets you turn invisible.
 V - a +8 large shield (worn)
Jewellery
 k - the ring "Kimypp" (right hand) {+Inv EV+3 Int+3}
   (You took it off a yaktaur captain on level 5 of the Vaults)

   [ring of evasion]

   It affects your evasion (+3).
   It affects your intelligence (+3).
   It lets you turn invisible.
 n - the ring of Vupt (left hand) {rC+ MP+9 Str+2 Int+4 Dex+3}
   (You took it off a tengu reaver on level 5 of the Vaults)

   [ring of magical power]

   It affects your strength (+2).
   It affects your intelligence (+4).
   It affects your dexterity (+3).
   It protects you from cold.
   It affects your magic capacity (+9).
 z - an uncursed ring of protection from fire
 I - the amulet of Hyloum (around neck) {Reflect Str+4 Int-4 Dex+7 SH+6}
   (You found it on level 4 of the Lair of Beasts)

   [amulet of reflection]

   It shields you and reflects attacks.
   It affects your strength (+4).
   It affects your intelligence (-4).
   It affects your dexterity (+7).
   It affects your SH (+6).
 T - a +3 ring of slaying
 U - an uncursed ring of protection from magic
Wands
 r - a wand of digging (12/24)
 E - a wand of acid (4/15)
 Q - a wand of scattershot (5/9)
Scrolls
 c - a scroll of magic mapping
 e - 5 scrolls of fear
 l - 13 scrolls of remove curse
 m - 14 scrolls of teleportation
 o - a scroll of amnesia
 p - 9 scrolls of identify
 x - 3 scrolls of blinking
 A - 6 scrolls of fog
 K - 3 scrolls of silence
 N - 10 scrolls of recharging
 Z - 3 scrolls of torment
Potions
 h - 5 potions of magic
 j - 3 potions of might
 s - 7 potions of brilliance
 u - 27 potions of curing
 v - 6 potions of agility
 y - a potion of invisibility
 C - 9 potions of heal wounds
 D - 4 potions of berserk rage
 M - 7 potions of cancellation
 Y - 3 potions of flight
Books
 i - a book of Frost

   Spells                             Type                      Level
   a - Freeze                         Ice                          1
   b - Throw Frost                    Conjuration/Ice              2
   c - Ozocubu's Armour               Charms/Ice                   3
   d - Throw Icicle                   Conjuration/Ice              4
   e - Summon Ice Beast               Ice/Summoning                4
Miscellaneous
 g - a fan of gales
 R - 2 phantom mirrors
Comestibles
 f - 24 bread rations
 q - a meat ration


   Skills:
 + Level 22.0 Fighting
 - Level 22.2 Maces & Flails
 - Level 2.0 Throwing
 + Level 22.4 Armour
 + Level 21.8 Dodging
 - Level 8.1 Stealth
 - Level 25.1 Shields
 - Level 15.0 Invocations
 - Level 5.0 Evocations


You had 24 spell levels left.
You knew the following spells:

 Your Spells              Type           Power        Failure   Level  Hunger
a - Blink                 Tloc           N/A          88%         2    ###....


Dungeon Overview and Level Annotations

Branches:
Dungeon (15/15)            Temple (0/1) D:7            Lair (6/6) D:11
 Shoals (4/4) Lair:3       Spider (4/4) Lair:3        Slime (0/5) Lair:6
    Orc (2/2) D:9             Elf (0/3) Orc:2        Vaults (5/5) D:13
  Crypt (0/3) Vaults:2     Depths (5/5) D:15            Zot (5/5) Depths:5

Altars:
Cheibriados
Elyvilon
Fedhas
Gozag
Hepliaklqana
Kikubaaqudgha
Makhleb
Nemelex Xobeh
Okawaru
Qazlal
Ru
Sif Muna
Trog
Uskayaw
Vehumet
Yredelemnul
Zin
The Shining One

Shops:
D:4 }   D:7 }   Orc:2 *}[::   Vaults:1 ?

Portals:
Hell: Depths:1 Depths:2 Depths:3 Depths:4 Depths:5
Abyss: Depths:2 Depths:4
Pandemonium: Depths:1 Depths:3 Depths:5
Ziggurat: Depths:1
Trove: D:10 (give 8 potions of haste)

Annotations:
D:3 exclusion: 2 downstairs
D:4 exclusions: door and downstairs
D:5 exclusion: downstairs
D:7 exclusion: downstairs
D:8 1 runed door
D:10 exclusion: downstairs
Spider:2 exclusion: Roxanne, Roxanne
Zot:4 1 exclusion


Innate Abilities, Weirdness & Mutations

You reflexively headbutt those who attack you in melee.
You have a pair of large horns on your head.
You can translocate small distances at will.
Scrolls take you a little longer to read.
Armour fits poorly on your strangely shaped body.
You are covered in fur. (AC +1)
You are occasionally teleported next to monsters.
You expend magic power (3 MP) to strengthen your wands.


Message History

There is a stone staircase leading down here.
You see here a giant club.
There is a stone staircase leading up here.
You climb upwards.
Level annotation: exclusion: 2 downstairs
There is a stone staircase leading down here.
Things that are here:
a spear; a flail
There is a stone staircase leading up here.
You climb upwards.
There is a stone staircase leading down here.
There is a stone staircase leading up here.
You climb upwards.
There is a stone staircase leading down here.
A crimson imp comes into view.
The crimson imp shouts!
The crimson imp moves out of view.
The crimson imp blinks!
There is a staircase leading out of the dungeon here.
You have escaped!

....###.# ####.###### #.#
).......# #....# #.# ..#######
#.########### #.# ..#
#...........####.##### ..#
#..#.....##..........#
..#########.######.##.>.#####..#
..5......##..8.....8....# #..#
.........##..#.....#....# #..#
.........#...#..@..#....# #.##
..#####.##...#.....#....#####.#
..## #.##...8.....8..#.......#
...# #.....##.######.####.####
..#####......#5....#..# #.#
....##...............(# #.#
..#.###..............## #.#
......#........#.....# #.#
..#.#.#............#.#####.#


You could see a crimson imp.

Vanquished Creatures
  8 orbs of fire
  An ancient lich (Depths:4)
  Mara (Depths:3)
  2 juggernauts
  Sojobo (Depths:2)
  Bai Suzhen (Depths:3)
  Saint Roka (Depths:1)
  2 Killer Klowns (Zot:5)
  A caustic shrike (Depths:4)
  Nikola (Spider:2)
  12 golden dragons
  Jorgrun (Shoals:4)
  An electric golem (Zot:5)
  4 liches
  6 tentacled monstrosities
  23 Orb Guardians
  The ghost of galech the Wrestler, an adept TrMo of Okawaru (Shoals:3)
  2 titans
  4 quicksilver dragons
  6 death cobs
  A sphinx (shapeshifter) (Vaults:5)
  Frances (Spider:2)
  6 sphinxes
  7 shadow dragons
  13 tengu reavers
  5 large abominations (Vaults:5)
  3 draconian monks (Zot:1)
  Ilsuiw (Shoals:4)
  4 storm dragons
  11 fire giants
  21 vault wardens
  2 deep elf sorcerers (Vaults:5)
  4 iron dragons
  3 draconian shifters (Zot:4)
  3 orc warlords
  9 emperor scorpions
  11 frost giants
  4 ghost moths
  A reaper (IceCv)
  5 spriggan defenders
  The ghost of vomix the Warrior, a journeyman MiBe of Trog (Lair:6)
  A draconian annihilator (Depths:5)
  16 ironheart preservers
  16 very ugly things
  31 stone giants
  A war gargoyle (Vaults:5)
  An entropy weaver (Spider:4)
  2 green draconians
  2 small abominations (Vaults:5)
  Azrael (D:13)
  2 vampire knights
  2 red draconians
  A corrupter (D:15)
  3 black draconians
  5 yellow draconians
  3 deep elf annihilators
  4 white draconians
  2 deep elf demonologists
  5 purple draconians
  8 spark wasps
  21 yaktaur captains
  3 merfolk javelineers (Shoals:4)
  14 ettins
  Snorg (D:14)
  A crystal guardian (Vaults:5)
  2 deep elf death magi
  15 fire dragons
  19 great orbs of eyes
  A minotaur (Lab)
  12 merfolk impalers
  9 jiangshi
  11 rakshasas
  14 ogre magi
  6 deep elf high priests
  10 hydras
  A great orb of eyes (shapeshifter) (D:15)
  12 ice dragons
  46 vault guards
  Harold (Orc:1)
  17 centaur warriors
  5 merfolk avatars
  4 spriggan air magi
  2 catoblepae
  A death knight (D:13)
  2 alligator snapping turtles
  34 two-headed ogres
  A dancing weapon (Vaults:5)
  10 deep troll earth magi
  An alligator snapping turtle (shapeshifter) (Depths:1)
  6 deep troll shamans
  7 merfolk aquamancers
  The ghost of ThereIsNoGod the Stickfighter, a journeyman GrFi of Okawaru (D:9)
  2 satyrs
  7 death yaks
  An orc high priest (Orc:2)
  6 tengu warriors
  Urug (Lair:4)
  7 spriggan berserkers
  4 vampire magi
  7 deep elf knights
  3 iron trolls
  21 hell knights
  A shadow wraith (Vaults:3)
  A sun demon (Depths:5)
  15 sea snakes
  2 sixfirhies
  A skeletal warrior (D:13)
  A death drake (shapeshifter) (Vaults:1)
  A gelid demonspawn (Depths:5)
  6 flayed ghosts
  40 deep trolls
  2 glowing orange brains
  A shadow demon (Depths:5)
  3 unseen horrors
  24 ironbrand convokers
  2 deep elf archers
  6 wizards
  39 harpies
  A golden dragon skeleton (Depths:3)
  A harpy (shapeshifter) (Vaults:4)
  5 phantasmal warriors
  6 necromancers
  14 orb spiders
  16 orc knights
  4 orc sorcerers
  37 wolf spiders
  5 deep elf magi
  A frost giant zombie (Depths:3)
  4 oklob plants (Lair:6)
  12 cyclopes
  A sphinx skeleton (Depths:3)
  13 fauns
  28 slime creatures
  34 ugly things
  5 elephants
  15 manticores
  A shining eye (shapeshifter) (Vaults:4)
  6 moths of wrath
  11 merfolk sirens
  2 black mambas
  20 vault sentinels
  4 water nymphs
  A titan simulacrum (Depths:3)
  2 gargoyles
  2 elephants (shapeshifter)
  2 ice statues (IceCv)
  An eye of devastation (Lair:6)
  Psyche (D:8)
  11 spiny frogs
  A torpor snail (Spider:2)
  A rime drake (shapeshifter) (Depths:4)
  5 centaur skeletons
  A rime drake (Lair:4)
  4 komodo dragons
  An efreet (D:15)
  4 freezing wraiths
  40 yaktaurs
  4 tengu conjurers
  12 demonic crawlers
  7 ice devils
  A yaktaur skeleton (Vaults:1)
  2 queen bees
  2 trolls (shapeshifter)
  2 red devils
  A polar bear (shapeshifter) (D:15)
  A hellwing (D:6)
  28 jumping spiders
  3 minotaur zombies (Lab)
  A wind drake (shapeshifter) (Vaults:3)
  46 merfolk
  10 polar bears
  14 hornets
  4 wind drakes
  A sphinx simulacrum (Vaults:2)
  A tyrant leech (shapeshifter) (Vaults:5)
  A jumping spider (shapeshifter) (Depths:2)
  7 trolls
  Grinder (D:4)
  A raiju (shapeshifter) (Vaults:2)
  10 blink frogs
  A blink frog (shapeshifter) (Depths:2)
  A harpy skeleton (D:15)
  19 dream sheep
  10 hippogriffs
  10 snapping turtles
  3 shadows
  17 spriggans
  A centaur simulacrum (D:14)
  A vampire (D:13)
  65 redbacks
  A tarantella (shapeshifter) (Vaults:1)
  2 wyverns (D:15)
  27 water elementals
  3 wraiths
  Sigmund (D:6)
  A basilisk (Lair:4)
  31 tarantellas
  A hog (shapeshifter) (Depths:4)
  34 yaks
  4 fire elementals (D:13)
  A neqoxec (Depths:5)
  4 hungry ghosts
  2 vampire mosquitoes (D:13)
  A yaktaur simulacrum (Vaults:1)
  4 wargs
  2 acid dragons
  A soldier ant (shapeshifter) (Depths:5)
  Duvessa (D:6)
  2 hell hounds (D:13)
  9 water moccasins
  A floating eye (Depths:4)
  5 porcupines
  A floating eye (shapeshifter) (Vaults:1)
  58 orc warriors
  A meliai simulacrum (D:15)
  3 sky beasts
  An ice beast (shapeshifter) (Vaults:4)
  A sky beast (shapeshifter) (Depths:3)
  4 black bears
  Purgy (D:4)
  An elf zombie (Vaults:1)
  8 ice beasts
  14 wolves
  2 eyes of draining
  2 phantoms
  13 boggarts
  3 necrophages
  35 ogres
  35 centaurs
  11 crocodiles
  A big kobold (shapeshifter) (Depths:3)
  2 big kobolds
  8 bullfrogs
  4 earth elementals (Depths:1)
  Dowan (D:6)
  A scorpion (D:9)
  A water moccasin skeleton (D:9)
  4 wights (D:12)
  43 killer bees
  An elf simulacrum (Vaults:3)
  2 electric eels
  2 howler monkeys
  3 centaur zombies
  A bullfrog zombie (D:11)
  10 crimson imps
  2 human simulacra
  2 human zombies
  7 hounds
  A jelly (shapeshifter) (Vaults:5)
  19 orc priests
  7 jellies
  3 bullfrog skeletons
  28 orc wizards
  2 iron imps
  Jessica (D:2)
  Natasha (thrice) (D:3)
  2 iguanas
  Ijyb (D:3)
  5 hell rats (Lair:5)
  9 worker ants
  A hound skeleton (D:8)
  A worker ant zombie (D:11)
  Robin (D:4)
  15 adders
  16 gnolls
  A howler monkey skeleton (D:10)
  3 shadow imps
  14 white imps
  4 ufetubi (IceCv)
  An ooze (D:3)
  2 adder zombies
  2 adder skeletons
  5 worms
  5 dart slugs
  107 orcs
  A ball python (D:2)
  A bat zombie (D:4)
  5 giant cockroaches
  37 goblins
  22 hobgoblins
  12 jackals
  2 quokkas
  6 bats
  7 frilled lizards
  2 goblin zombies (D:8)
  A jackal skeleton (D:4)
  20 kobolds
  2 quokka skeletons (D:4)
  A quokka zombie (D:7)
  8 rats
  2 rat zombies (D:4)
  3 crawling corpses (Vaults:5)
  A fungus (Lair:6)
2225 creatures vanquished.

Vanquished Creatures (collateral kills)
  A golden dragon (Depths:4)
  A fire giant (Depths:5)
  A stone giant (Depths:5)
  A black draconian (Depths:5)
  A yellow draconian (Depths:5)
  A fire dragon (Depths:2)
  2 deep elf high priests (Depths:4)
  An ice dragon (Depths:4)
  A two-headed ogre (Vaults:2)
  2 water elementals
  An ogre (Vaults:2)
  A centaur (Orc:2)
14 creatures vanquished.

Vanquished Creatures (others)
  A tentacled monstrosity (Vaults:5)
  Asterion (Depths:3)
  A shadow dragon (Vaults:5)
  Aizul (Spider:2)
  A stone giant (Vaults:3)
  4 merfolk javelineers
  2 centaur warriors
  A satyr (Shoals:3)
  A deep elf archer (Depths:4)
  3 cyclopes
  2 fauns (Shoals:2)
  A manticore (Shoals:3)
  14 yaktaurs
  A slime creature (D:15)
  A warg (Vaults:5)
  3 ogres
  An orc warrior (Orc:2)
  A boggart (Vaults:1)
  8 centaurs
  An orc wizard (Orc:2)
  4 white imps (IceCv)
  3 ufetubi (IceCv)
  An orc (Orc:2)
  12 fungi
  3 plants (Lair:6)
72 creatures vanquished.

Grand Total: 2311 creatures vanquished

Notes
Turn   | Place    | Note
-------+----------+-------------------------------------------
     0 | D:1      | motkurip the Minotaur Gladiator began the quest for the Orb.
     0 | D:1      | Reached XP level 1. HP: 18/18 MP: 0/0
   255 | D:1      | Reached XP level 2. HP: 25/25 MP: 1/1
   940 | D:2      | Reached XP level 3. HP: 31/31 MP: 2/2
  1029 | D:2      | Reached skill level 5 in Maces & Flails
  1123 | D:2      | Found a burning altar of Makhleb.
  1134 | D:2      | Became a worshipper of Makhleb the Destroyer
  1442 | D:2      | Noticed Jessica
  1667 | D:2      | Reached XP level 4. HP: 19/38 MP: 3/3
  2029 | D:2      | Killed Jessica
  2302 | D:2      | Reached * piety under Makhleb
  2391 | D:2      | Found an iron altar of Okawaru.
  2396 | D:2      | Reached XP level 5. HP: 46/46 MP: 4/4
  2816 | D:3      | Noticed Natasha
  2822 | D:3      | Killed Natasha
  2822 | D:3      | Reached skill level 1 in Armour
  3200 | D:3      | Noticed Natasha
  3209 | D:3      | Killed Natasha
  3330 | D:3      | Found a sparkling altar of Nemelex Xobeh.
  3405 | D:3      | Found a snail-covered altar of Cheibriados.
  3415 | D:3      | Noticed Ijyb
  3419 | D:3      | Killed Ijyb
  3419 | D:3      | Reached XP level 6. HP: 53/53 MP: 5/5
  3462 | D:3      | Noticed Natasha
  3465 | D:3      | Killed Natasha
  3843 | D:4      | Noticed Robin
  3866 | D:4      | Noticed Purgy
  3995 | D:4      | Reached skill level 1 in Shields
  4037 | D:4      | Found an ancient bone altar of Kikubaaqudgha.
  4063 | D:4      | Killed Robin
  4066 | D:4      | Reached skill level 1 in Evocations
  4106 | D:4      | Reached ** piety under Makhleb
  4221 | D:4      | Reached skill level 2 in Shields
  4374 | D:4      | Found Honoskesie's Gadget Boutique.
  4386 | D:4      | Bought a wand of iceblast (7/15) for 143 gold pieces
  4406 | D:4      | Reached XP level 7. HP: 60/60 MP: 7/7
  4654 | D:4      | Killed Purgy
  4654 | D:4      | Reached skill level 5 in Fighting
  4654 | D:4      | Reached skill level 3 in Shields
  4716 | D:4      | Noticed Grinder
  4723 | D:4      | Paralysed by Grinder for 2 turns
  4727 | D:4      | Killed Grinder
  4727 | D:4      | Reached skill level 4 in Shields
  4872 | D:4      | Found a deep blue altar of Sif Muna.
  4919 | D:5      | Entered Level 5 of the Dungeon
  5020 | D:4      | Reached XP level 8. HP: 40/70 MP: 8/8
  5442 | D:5      | Reached skill level 10 in Maces & Flails
  5444 | D:5      | Reached *** piety under Makhleb
  5604 | D:5      | Reached skill level 1 in Invocations
  5736 | D:6      | Noticed Duvessa
  5737 | D:6      | Noticed Dowan
  6069 | D:6      | Noticed Sigmund
  6083 | D:6      | Killed Sigmund
  6083 | D:6      | Reached XP level 9. HP: 75/75 MP: 9/9
  6129 | D:6      | Learned a level 2 spell: Blink
  6251 | D:6      | Killed Dowan
  6260 | D:6      | Killed Duvessa
  6753 | D:7      | Found a radiant altar of Vehumet.
  6834 | D:6      | Found a stormy altar of Qazlal.
  6925 | D:7      | Found a hide-covered altar of Uskayaw.
  7102 | D:7      | Found a sacrificial altar of Ru.
  7159 | D:7      | Found a bloodstained altar of Trog.
  7174 | D:7      | Found a white marble altar of Elyvilon.
  7174 | D:7      | Found a glowing golden altar of the Shining One.
  7175 | D:7      | Found a glowing silver altar of Zin.
  7207 | D:7      | Found Tijorgh's Gadget Boutique.
  7306 | D:7      | Found a staircase to the Ecumenical Temple.
  7427 | D:8      | Noticed Psyche
  7431 | D:8      | Killed Psyche
  7516 | D:8      | Reached **** piety under Makhleb
  7536 | D:8      | Found a runed door.
  7635 | D:8      | Noticed a queen bee
  7735 | D:8      | Reached skill level 5 in Dodging
  7735 | D:8      | Reached XP level 10. HP: 84/85 MP: 12/12
  7892 | D:8      | Reached skill level 5 in Armour
  8208 | D:8      | Noticed a two-headed ogre
  8265 | D:7      | Reached ***** piety under Makhleb
  8452 | D:8      | Found a hazy altar of Hepliaklqana.
  8493 | D:8      | Found a basalt altar of Yredelemnul.
  8809 | D:9      | Found a staircase to the Orcish Mines.
  8887 | D:9      | Noticed ThereIsNoGod's ghost (journeyman GrFi)
  9084 | D:9      | Noticed a two-headed ogre
  9090 | D:9      | Killed a two-headed ogre
  9683 | Orc:1    | Entered Level 1 of the Orcish Mines
  9683 | Orc:1    | Noticed an orc knight
  9685 | Orc:1    | Noticed an orc sorcerer
  9811 | D:10     | Entered Level 10 of the Dungeon
  9838 | D:9      | Killed ThereIsNoGod's ghost
 10038 | D:10     | Reached XP level 11. HP: 95/95 MP: 13/13
 10252 | D:10     | Found a portal to a secret trove of treasure.
 10355 | D:10     | Noticed a two-headed ogre
 10364 | D:10     | Killed a two-headed ogre
 10562 | D:11     | Got a warped hat
 10573 | D:11     | Identified the -1 hat of Ydeaffo {rCorr Int+3} (You found it on level 11 of the Dungeon)
 10588 | D:11     | Found a staircase to the Lair.
 10588 | D:11     | Noticed a death yak
 10590 | D:11     | Noticed a death yak
 10593 | D:11     | Noticed a death yak
 10644 | D:10     | Reached skill level 10 in Fighting
 10968 | D:11     | Killed a death yak
 11036 | D:10     | Killed a death yak
 11334 | D:11     | You fall through a shaft!
 11413 | D:12     | Killed an unseen horror
 11638 | D:11     | Killed a death yak
 11817 | Lair:1   | Entered Level 1 of the Lair of Beasts
 11831 | Lair:1   | Reached XP level 12. HP: 74/108 MP: 14/14
 12317 | Lair:1   | Reached skill level 5 in Invocations
 12957 | Lair:2   | Found an opulent altar of Gozag.
 13491 | Lair:3   | Found a staircase to the Shoals.
 13788 | Lair:3   | Found a hole to the Spider Nest.
 13886 | Lair:3   | Noticed a catoblepas
 13901 | Lair:3   | Killed a catoblepas
 14223 | Lair:4   | Reached skill level 5 in Evocations
 14232 | Lair:4   | Reached ****** piety under Makhleb
 14273 | Lair:4   | Got a brightly glowing garnet amulet
 14275 | Lair:4   | Identified the amulet of Hyloum {Reflect Str+4 Int-4 Dex+7 SH+6} (You found it on level 4 of the Lair of Beasts)
 14356 | Lair:4   | Reached skill level 10 in Dodging
 14447 | Lair:4   | Noticed a seven-headed hydra
 14463 | Lair:4   | Killed a seven-headed hydra
 14580 | Lair:4   | Noticed a death yak
 14582 | Lair:4   | Noticed a death yak
 14582 | Lair:4   | Noticed a death yak
 14602 | Lair:4   | Noticed a death yak
 14606 | Lair:4   | Killed a death yak
 14621 | Lair:4   | Killed a death yak
 14628 | Lair:4   | Killed a death yak
 14628 | Lair:4   | Reached XP level 13. HP: 117/117 MP: 17/17
 14688 | Lair:4   | Noticed Urug
 14700 | Lair:4   | Killed Urug
 16004 | Lair:6   | Entered Level 6 of the Lair of Beasts
 16104 | Lair:6   | Found a labyrinth entrance.
 16126 | Lab      | Entered a labyrinth
 16392 | Lab      | Noticed a minotaur
 16396 | Lab      | Killed a minotaur
 16665 | Lair:6   | Noticed vomix's ghost (journeyman MiBe)
 16862 | Orc:1    | Reached skill level 15 in Maces & Flails
 17008 | Orc:1    | Noticed Harold
 17020 | Orc:1    | Killed Harold
 17221 | Orc:2    | Entered Level 2 of the Orcish Mines
 17347 | Orc:2    | Noticed an ettin
 17356 | Orc:2    | Killed an ettin
 17556 | Orc:2    | Found a staircase to the Elven Halls.
 17686 | Orc:2    | Found Ximacw's Assorted Antiques.
 17699 | Orc:2    | Bought a fine morningstar for 306 gold pieces
 17699 | Orc:2    | Bought a knobbly glass ring for 170 gold pieces
 17699 | Orc:2    | Identified the +6 morningstar of Reinforcement {elec, Int+6} (You bought it in a shop on level 2 of the Orcish Mines)
 17754 | Orc:2    | Reached XP level 14. HP: 107/131 MP: 15/19
 17804 | Orc:2    | Found Oxoocaatwa's Armour Emporium.
 17804 | Orc:2    | Found Wuuranur's Book Shop.
 17806 | Orc:2    | Found Yramaji's Book Boutique.
 17808 | Orc:2    | Found Bonaun's Gadget Shoppe.
 17859 | Orc:2    | Bought the +4 scale mail of Inviolability {Int+3} for 559 gold pieces
 18321 | Lair:6   | Killed vomix's ghost
 18396 | Lair:6   | Found a staircase to the Slime Pits.
 18714 | Lair:6   | Reached skill level 15 in Fighting
 19424 | Orc:2    | Bought the +0 cloak of Daffodils {+Inv rPois rF++ rC+ Int-4} for 582 gold pieces
 19534 | D:12     | Lost intelligence.
 19894 | D:12     | Got an ichor-stained flail
 19900 | D:12     | Identified the +5 flail "Dakhluh" {crush, Str+2} (You found it on level 12 of the Dungeon)
 20111 | D:13     | Found a gate to the Vaults.
 20188 | D:13     | Reached skill level 10 in Invocations
 20266 | D:13     | Found a flagged portal.
 20280 | Bailey   | Entered a bailey
 20540 | Bailey   | Noticed an orc warlord
 20568 | Bailey   | Killed an orc warlord
 20920 | D:13     | Reached skill level 5 in Shields
 20920 | D:13     | Reached XP level 15. HP: 141/141 MP: 21/21
 20927 | D:13     | Noticed Azrael
 20945 | D:13     | Killed Azrael
 21403 | D:14     | Reached skill level 6 in Shields
 21414 | D:14     | Found a sacrificial altar of Ru.
 21414 | D:14     | Found a sacrificial altar of Ru.
 21423 | D:14     | Noticed a sphinx
 21462 | D:14     | Killed a sphinx
 21639 | D:14     | Noticed Snorg
 21658 | D:14     | Killed Snorg
 21658 | D:14     | Reached skill level 7 in Shields
 21949 | D:15     | Entered Level 15 of the Dungeon
 21972 | D:15     | Reached skill level 8 in Shields
 22003 | D:15     | Found a frozen archway.
 22023 | IceCv    | Entered an ice cave
 22183 | IceCv    | Reached skill level 9 in Shields
 22408 | D:15     | Reached skill level 10 in Shields
 22481 | D:15     | Found a blossoming altar of Fedhas.
 22707 | D:15     | Reached skill level 11 in Shields
 22900 | D:15     | Found a staircase to the Depths.
 23115 | Spider:1 | Entered Level 1 of the Spider Nest
 23219 | Spider:1 | Reached skill level 12 in Shields
 23758 | Spider:1 | Reached skill level 13 in Shields
 24222 | Spider:2 | Noticed Roxanne
 24270 | Spider:2 | Noticed Aizul
 24274 | Spider:2 | Reached XP level 16. HP: 150/150 MP: 22/22
 24288 | Spider:2 | Killed Aizul
 24366 | Spider:2 | Noticed Frances
 24374 | Spider:2 | Killed Frances
 24374 | Spider:2 | Reached skill level 14 in Shields
 24480 | Spider:2 | Got a pair of fine boots
 24486 | Spider:2 | Identified the +1 pair of boots "Juorezum" {+Inv} (You found it on level 2 of the Spider Nest)
 24636 | Spider:2 | Noticed Nikola
 24724 | Spider:2 | Killed Nikola
 24724 | Spider:2 | Reached skill level 15 in Shields
 25458 | Spider:3 | Reached skill level 16 in Shields
 25785 | Spider:3 | Reached skill level 17 in Shields
 25785 | Spider:3 | Reached XP level 17. HP: 125/157 MP: 1/23
 25786 | Spider:3 | Reached skill level 18 in Shields
 25786 | Spider:3 | Reached XP level 18. HP: 133/166 MP: 1/24
 25841 | Spider:4 | Entered Level 4 of the Spider Nest
 26149 | Spider:4 | Reached skill level 19 in Shields
 26635 | Spider:4 | Reached skill level 20 in Shields
 26661 | Spider:4 | Reached XP level 19. HP: 172/172 MP: 25/25
 26684 | Spider:4 | Got a gossamer rune of Zot
 26963 | Shoals:1 | Entered Level 1 of the Shoals
 27449 | Shoals:1 | Reached skill level 21 in Shields
 28478 | Shoals:3 | Got a slimy great sword
 28526 | Shoals:3 | Reached skill level 22 in Shields
 28627 | Shoals:3 | Noticed galech's ghost (adept TrMo)
 28644 | Shoals:3 | Killed galech's ghost
 29229 | Shoals:4 | Entered Level 4 of the Shoals
 29328 | Shoals:4 | Reached skill level 23 in Shields
 29522 | Shoals:4 | Noticed Ilsuiw
 29609 | Shoals:4 | Killed Ilsuiw
 29760 | Shoals:4 | Reached XP level 20. HP: 172/181 MP: 27/27
 29823 | Shoals:4 | Noticed Jorgrun
 29833 | Shoals:4 | Killed Jorgrun
 29897 | Shoals:4 | Got a barnacled rune of Zot
 30525 | Vaults:1 | Entered Level 1 of the Vaults
 30730 | Vaults:1 | Found Wesmiall's Magic Scroll Shop.
 30735 | Vaults:1 | Bought a scroll of identify for 26 gold pieces
 30735 | Vaults:1 | Bought a scroll of enchant armour for 97 gold pieces
 30735 | Vaults:1 | Bought a scroll of identify for 26 gold pieces
 30735 | Vaults:1 | Bought a scroll of teleportation for 39 gold pieces
 30768 | Vaults:1 | Found a bloodstained altar of Trog.
 31271 | Vaults:1 | Gained mutation: Your muscles are strong. (Str +2) [mutagenic meat]
 31272 | Vaults:1 | Gained mutation: You are robust. (+10% HP) [mutagenic meat]
 31432 | Vaults:1 | Reached skill level 10 in Armour
 31899 | Vaults:1 | Paralysed by a sphinx for 4 turns
 32290 | Vaults:2 | Found a staircase to the Crypt.
 32378 | Vaults:2 | Reached XP level 21. HP: 210/210 MP: 23/29
 32593 | Vaults:2 | Reached skill level 15 in Dodging
 35071 | Vaults:4 | Reached XP level 22. HP: 222/222 MP: 30/30
 36258 | Depths:1 | Entered Level 1 of the Depths
 36321 | Depths:1 | Noticed Saint Roka
 36334 | Depths:1 | Reached skill level 24 in Shields
 36345 | Depths:1 | Found a gateway to a ziggurat.
 36524 | Depths:1 | Found a one-way gate leading to the halls of Pandemonium.
 36561 | Depths:1 | Killed Saint Roka
 36953 | Depths:1 | Found a gateway to Hell.
 37361 | Depths:2 | Noticed Sojobo
 37383 | Depths:2 | Killed Sojobo
 37776 | Depths:2 | Found a one-way gate to the infinite horrors of the Abyss.
 37961 | Depths:2 | Identified the +0 robe of Hieve {+Fly} (You found it on level 2 of the Depths)
 38510 | Depths:3 | Reached XP level 23. HP: 232/232 MP: 33/33
 38763 | Depths:3 | Gained mutation: You are clumsy. (Dex -2) [mutagenic meat]
 38764 | Depths:3 | Gained mutation: You are dopey. (Int -2) [mutagenic meat]
 38765 | Depths:3 | Gained mutation: You tend to lose your temper in combat. [mutagenic meat]
 38766 | Depths:3 | Gained mutation: You occasionally shout uncontrollably at your foes. [mutagenic meat]
 38767 | Depths:3 | Gained mutation: You have a somewhat thin skeletal structure. (Dex +2, Stealth) [mutagenic meat]
 38769 | Depths:3 | Lost mutation: Your muscles are strong. (Str +2) [potion of mutation]
 38769 | Depths:3 | Lost mutation: You are dopey. (Int -2) [potion of mutation]
 38769 | Depths:3 | Lost mutation: You occasionally shout uncontrollably at your foes. [potion of mutation]
 38769 | Depths:3 | Lost mutation: You are robust. (+10% HP) [potion of mutation]
 38769 | Depths:3 | Lost mutation: You tend to lose your temper in combat. [potion of mutation]
 38769 | Depths:3 | Gained mutation: Your mind is acute. (Int +2) [potion of mutation]
 38769 | Depths:3 | Gained mutation: You are partially covered in thin metallic scales. (AC +2) [potion of mutation]
 38804 | Depths:3 | Reached skill level 15 in Invocations
 38840 | Depths:3 | Noticed Mara
 38849 | Depths:3 | Killed Mara
 38849 | Depths:3 | Reached skill level 25 in Shields
 38986 | Depths:3 | Noticed Bai Suzhen
 39006 | Depths:3 | Killed Bai Suzhen
 39008 | Depths:3 | Noticed Asterion
 39021 | Depths:3 | Killed Asterion
 39061 | Depths:3 | Lost intelligence.
 39218 | Depths:3 | Reached skill level 1 in Stealth
 39978 | Depths:3 | Reached skill level 15 in Armour
 40242 | Depths:4 | Reached skill level 5 in Stealth
 40296 | Depths:4 | Found a runed door.
 40711 | Depths:4 | Reached XP level 24. HP: 219/219 MP: 33/33
 40877 | Depths:4 | Noticed an ancient lich
 41127 | Depths:4 | Killed an ancient lich
 41488 | Depths:4 | Paralysed by a floating eye for 3 turns
 41669 | Depths:4 | Noticed a juggernaut
 41804 | Depths:4 | Got warped quicksilver dragon scales
 41808 | Depths:4 | Identified the quicksilver dragon scales of the Nightingale {MR+ rCorr Int+3} (You found it on level 4 of the Depths)
 41883 | Depths:4 | Identified the Papyrus of Earth and Contamination
 42031 | Depths:4 | Killed a juggernaut
 42130 | Depths:5 | Entered Level 5 of the Depths
 42296 | Depths:5 | Noticed a juggernaut
 42321 | Depths:5 | Killed a juggernaut
 42801 | Depths:5 | Gained mutation: You are frail. (-10% HP) [a neqoxec]
 42802 | Depths:5 | Gained mutation: Your magical capacity is low. (-10% MP) [a neqoxec]
 42965 | Depths:5 | Found a gate to the Realm of Zot.
 43214 | Depths:5 | Lost mutation: Your magical capacity is low. (-10% MP) [potion of mutation]
 43214 | Depths:5 | Lost mutation: You are clumsy. (Dex -2) [potion of mutation]
 43214 | Depths:5 | Lost mutation: Your mind is acute. (Int +2) [potion of mutation]
 43214 | Depths:5 | Lost mutation: You are frail. (-10% HP) [potion of mutation]
 43214 | Depths:5 | Lost mutation: You are partially covered in thin metallic scales. (AC +2) [potion of mutation]
 43214 | Depths:5 | Gained mutation: You are weak. (Str -2) [potion of mutation]
 43214 | Depths:5 | Lost mutation: You are weak. (Str -2) [potion of mutation]
 43214 | Depths:5 | Gained mutation: You have sharp toenails. [potion of mutation]
 43214 | Depths:5 | Gained mutation: You are robust. (+10% HP) [potion of mutation]
 43584 | Vaults:5 | Entered Level 5 of the Vaults
 43611 | Vaults:5 | Reached XP level 25. HP: 247/254 MP: 33/33
 43823 | Vaults:5 | Got a clouded bone ring
 44351 | Vaults:5 | Reached XP level 26. HP: 158/262 MP: 33/33
 44452 | Vaults:5 | Got a transparent bronze ring
 44509 | Vaults:5 | Identified the ring "Caogelow" {Int+6 Dex+2} (You took it off a vault guard on level 5 of the Vaults)
 44510 | Vaults:5 | Identified the ring of Vupt {rC+ MP+9 Str+2 Int+4 Dex+3} (You took it off a tengu reaver on level 5 of the Vaults)
 44519 | Vaults:5 | Identified the cursed +1 robe of Zin's Envy {+Inv rF+ Str+2 Dex+4} (You took it off an orc sorcerer on level 5 of the Vaults)
 44534 | Vaults:5 | Identified the ring "Kimypp" {+Inv EV+3 Int+3} (You took it off a yaktaur captain on level 5 of the Vaults)
 44544 | Vaults:5 | Got a silver rune of Zot
 45632 | Zot:1    | Entered Level 1 of the Realm of Zot
 45907 | Zot:1    | Noticed an orb of fire
 45911 | Zot:1    | Gained mutation: Scrolls take you a little longer to read. [an orb of fire]
 45918 | Zot:1    | Killed an orb of fire
 46279 | Zot:5    | Entered Level 5 of the Realm of Zot
 46803 | Zot:5    | Noticed an orb of fire
 46822 | Zot:5    | Noticed an orb of fire
 46837 | Zot:5    | Lost mutation: You have sharp toenails. [potion of mutation]
 46837 | Zot:5    | Lost mutation: You are robust. (+10% HP) [potion of mutation]
 46837 | Zot:5    | Gained mutation: You are clumsy. (Dex -2) [potion of mutation]
 46837 | Zot:5    | Gained mutation: You are partially covered in molten scales. (AC +2) [potion of mutation]
 46837 | Zot:5    | Gained mutation: You occasionally shout uncontrollably at your foes. [an orb of fire]
 46838 | Zot:5    | Lost mutation: You are clumsy. (Dex -2) [potion of mutation]
 46838 | Zot:5    | Lost mutation: You have a somewhat thin skeletal structure. (Dex +2, Stealth) [potion of mutation]
 46838 | Zot:5    | Lost mutation: Scrolls take you a little longer to read. [potion of mutation]
 46838 | Zot:5    | Gained mutation: You expend magic power (3 MP) to strengthen your wands. [potion of mutation]
 46838 | Zot:5    | Gained mutation: You are partially covered in large bone plates. (SH +4) [potion of mutation]
 46838 | Zot:5    | Gained mutation: You are robust. (+10% HP) [potion of mutation]
 46840 | Zot:5    | Gained mutation: Armour fits poorly on your strangely shaped body. [an orb of fire]
 46847 | Zot:5    | Killed an orb of fire
 46850 | Zot:5    | Killed an orb of fire
 46851 | Zot:5    | Noticed an orb of fire
 46867 | Zot:5    | Gained mutation: You are occasionally teleported next to monsters. [an orb of fire]
 46869 | Zot:5    | Gained mutation: Your body sometimes deteriorates upon taking damage. [an orb of fire]
 46870 | Zot:5    | Gained mutation: You are sometimes teleported next to monsters. [an orb of fire]
 46871 | Zot:5    | Killed an orb of fire
 46873 | Zot:5    | Lost mutation: Armour fits poorly on your strangely shaped body. [potion of mutation]
 46873 | Zot:5    | Lost mutation: You are sometimes teleported next to monsters. [potion of mutation]
 46873 | Zot:5    | Lost mutation: You occasionally shout uncontrollably at your foes. [potion of mutation]
 46873 | Zot:5    | Gained mutation: Potions are less effective at restoring your health. [potion of mutation]
 46873 | Zot:5    | Gained mutation: You are resistant to hostile enchantments. (MR+) [potion of mutation]
 46873 | Zot:5    | Gained mutation: You are covered in fur. (AC +1) [potion of mutation]
 46874 | Zot:5    | Lost mutation: You are partially covered in molten scales. (AC +2) [potion of mutation]
 46874 | Zot:5    | Lost mutation: You are resistant to hostile enchantments. (MR+) [potion of mutation]
 46874 | Zot:5    | Lost mutation: Your body sometimes deteriorates upon taking damage. [potion of mutation]
 46874 | Zot:5    | Gained mutation: Your muscles are strong. (Str +2) [potion of mutation]
 46875 | Zot:5    | Lost mutation: You are partially covered in large bone plates. (SH +4) [potion of mutation]
 46875 | Zot:5    | Lost mutation: Potions are less effective at restoring your health. [potion of mutation]
 46875 | Zot:5    | Lost mutation: Your muscles are strong. (Str +2) [potion of mutation]
 46875 | Zot:5    | Lost mutation: You are robust. (+10% HP) [potion of mutation]
 46875 | Zot:5    | Gained mutation: You possess an exceptional clarity of mind. [potion of mutation]
 46875 | Zot:5    | Gained mutation: You can translocate small distances at will. [potion of mutation]
 46875 | Zot:5    | Gained mutation: You have a pair of large horns on your head. [potion of mutation]
 46886 | Zot:5    | Reached XP level 27. HP: 248/248 MP: 33/33
 46949 | Zot:5    | Noticed an orb of fire
 46954 | Zot:5    | Gained mutation: Armour fits poorly on your strangely shaped body. [an orb of fire]
 46957 | Zot:5    | Gained mutation: Your body sometimes deteriorates upon taking damage. [an orb of fire]
 46966 | Zot:5    | Noticed an orb of fire
 46966 | Zot:5    | Killed an orb of fire
 46967 | Zot:5    | Noticed an orb of fire
 46970 | Zot:5    | Noticed an orb of fire
 46980 | Zot:5    | Killed an orb of fire
 46989 | Zot:5    | Lost mutation: Your body sometimes deteriorates upon taking damage. [an orb of fire]
 47006 | Zot:5    | Killed an orb of fire
 47128 | Zot:5    | Lost mutation: You possess an exceptional clarity of mind. [an orb of fire]
 47130 | Zot:5    | Gained mutation: Scrolls take you a little longer to read. [an orb of fire]
 47142 | Zot:5    | Killed an orb of fire
 47159 | Zot:5    | Got the Orb of Zot
 47460 | D:10     | Noticed Nunwo the pandemonium lord
 47672 | D:$      | Escaped with the Orb!

Skill      XL: |  1  2  3  4  5  6  7  8  9 10 11 12 13 14 15 16 17 18 19 20 21 22 23 24 25 26 27 |
---------------+----------------------------------------------------------------------------------+-----
Maces & Flails | 4 5 6 7 8 11 12 14 15 16 17 18 19 21 22 | 22.2
Fighting       | 3 4 5 6 7 9 11 12 14 15 16 17 18 19 20 21 22 | 22.0
Armour         | 1 2 4 7 8 10 12 13 16 18 20 21 22 | 22.4
Shields        | 2 4 5 13 17 18 20 23 24 25 | 25.1
Evocations     | 1 2 3 4 5 |  5.0
Invocations    | 2 4 7 8 10 12 13 14 15 | 15.0
Dodging        | 5 7 8 10 12 13 14 15 17 18 19 21 | 21.8
Stealth        | 6 8 |  8.1
Throwing       | |  2.0

Action                   |  1- 3 |  4- 6 |  7- 9 | 10-12 | 13-15 | 16-18 | 19-21 | 22-24 | 25-27 || total
-------------------------+-------+-------+-------+-------+-------+-------+-------+-------+-------++-------
Melee: Flail             |    90 |   199 |   305 |   786 |   193 |       |       |       |       ||  1573
       Headbutt          |    13 |    35 |    61 |   233 |   376 |   145 |   684 |   809 |   523 ||  2879
       Great mace        |       |       |       |       |   117 |       |       |       |       ||   117
       Morningstar       |       |       |       |       |   881 |   466 |  1905 |  1514 |   761 ||  5527
       Demon whip        |       |       |       |       |       |       |       |   420 |   485 ||   905
       Shillelagh        |       |       |       |       |       |       |       |       |    41 ||    41
Throw: Throwing net      |     3 |       |       |       |       |       |       |       |       ||     3
       Tomahawk          |     1 |    16 |    24 |    19 |    11 |       |       |       |       ||    71
       Stone             |       |    31 |       |       |       |       |       |       |       ||    31
Invok: Lesser Servant of |       |       |       |     1 |     2 |       |     2 |     2 |       ||     7
       Greater Servant o |       |       |       |       |       |       |       |     7 |       ||     7
Evoke: Wand              |       |       |    13 |    13 |     8 |       |     5 |       |     3 ||    42
  Use: Scroll            |       |     7 |     2 |     8 |    18 |     3 |     6 |    16 |    21 ||    81
       Potion            |       |       |       |       |       |     2 |     4 |     5 |    14 ||    25
 Stab: Paralysed         |       |       |    16 |       |       |       |       |       |       ||    16
       Sleeping          |       |       |       |     1 |     3 |     2 |     2 |     9 |       ||    17
       Distracted        |       |       |       |       |     1 |       |     1 |    12 |     4 ||    18
       Confused          |       |       |       |       |       |       |       |       |     3 ||     3
       Held in net/web   |       |       |       |       |       |       |       |       |     2 ||     2
       Petrified         |       |       |       |       |       |       |       |       |     1 ||     1
  Eat: Chunk             |     2 |     9 |     8 |     9 |     7 |       |     4 |     5 |       ||    44
       Royal jelly       |       |       |     1 |     3 |     6 |     3 |     3 |     5 |     2 ||    23
       Fruit             |       |       |     3 |     5 |     4 |       |     9 |     3 |     1 ||    25
       Meat ration       |       |       |       |     1 |     3 |     1 |     4 |     3 |     3 ||    15
       Bread ration      |       |       |       |       |       |       |       |       |     1 ||     1
Armor: Leather armour    |     6 |       |       |       |       |       |       |       |       ||     6
       Ring mail         |    12 |    50 |       |       |       |       |       |       |       ||    62
       Troll leather arm |       |       |    36 |   119 |    85 |    44 |    85 |    30 |       ||   399
       Scale mail        |       |       |     4 |       |     7 |       |       |       |       ||    11
       Robe              |       |       |       |       |       |     1 |       |     1 |       ||     2
       Storm dragon scal |       |       |       |       |       |       |       |    73 |   100 ||   173
       Quicksilver drago |       |       |       |       |       |       |       |    29 |       ||    29
Dodge: Dodged            |    54 |    90 |   122 |   419 |   572 |   192 |   475 |   533 |   302 ||  2759
Block: Buckler           |       |    12 |    47 |   176 |   460 |       |       |       |       ||   695
       Other             |       |       |       |       |    14 |       |       |       |       ||    14
       Reflection        |       |       |       |       |    51 |     3 |   212 |   128 |    54 ||   448
       Large shield      |       |       |       |       |   138 |   779 |  2487 |  2310 |  1233 ||  6947
